 Dungeon Crawl Stone Soup version 0.30-a0-341-g682706514a (webtiles) character file.

Game seed: 12215966637935489059

48 jehirs the Insei (level 3, -11/23 HPs)
             Began as an Octopode Transmuter on Nov 5, 2022.
             Mangled by Terence
             ... wielding a +0 morningstar
              (14 damage)
             ... on level 3 of the Dungeon.
             The game lasted 00:02:37 (2150 turns).

jehirs the Insei (Octopode Transmuter)              Turns: 2150, Time: 00:02:38

Health: -11/23     AC:  1    Str:  9    XL:     3   Next: 72%
Magic:  4/6        EV: 13    Int: 17    God:
Gold:   110        SH:  0    Dex: 12    Spells: 3/6 levels left

rFire   + . .      SeeInvis .      - Unarmed
rCold   . . .      Faith    .    (no shield)
rNeg    . . .      Spirit   .    (helmet currently unavailable)
rPois   .          Reflect  .    (no amulet)
rElec   .          Harm     .    b - ring of resist corrosion
rCorr   +          Rampage  .    j - ring of protection from fire
Will    .....                    (no ring)
Stlth   ++........               (no ring)
HPRegen 0.23/turn                (no ring)
MPRegen 0.10/turn                (no ring)
                                 (no ring)
                                 (no ring)

@: appendages (expiring), wereblooded
A: tentacle spike 3, almost no armour, amphibious, 8 rings, camouflage 1,
gelatinous body 1, (nimble swimmer 1), tentacles
a: End Transformation


You were on level 3 of the Dungeon.
One of your tentacles had grown a beastly spike.
You visited 1 branch of the dungeon, and saw 3 of its levels.

You collected 110 gold pieces.

Inventory:

Jewellery
 b - a ring of resist corrosion (left tentacle)
 j - a ring of protection from fire (right tentacle)
Scrolls
 c - 2 scrolls of identify
 f - a scroll of teleportation
 l - a scroll of noise {unknown}
 m - a scroll of immolation {unknown}
Potions
 a - a potion of lignification
 d - a potion of degeneration
 e - a potion of flight
 g - a potion of might
 h - a potion of attraction {unknown}
 i - a potion of invisibility {unknown}
 k - a potion of curing {unknown}


   Skills:
 - Level 1.0 Fighting
 - Level 2.0 Dodging
 + Level 3.8 Unarmed Combat
 - Level 2.0 Spellcasting
 + Level 3.1 Transmutations


You had 3 spell levels left.
You knew the following spells:

 Your Spells              Type           Power      Damage    Failure   Level
a - Beastly Appendage     Tmut           24%        N/A       5%          1
b - Wereblood             Tmut           12%        N/A       9%          2

Your spell library contained the following spells:

 Spells                   Type           Power      Damage    Failure   Level
 Freeze                   Ice            4%         1d3       19%         1
 Spider Form              Tmut/Pois      7%         N/A       30%         3
 Frozen Ramparts          Ice            2%         1d1       50%         3
 Hailstorm                Conj/Ice       1%         3d3       50%         3
 Ice Form                 Ice/Tmut       7%         N/A       71%         4
 Summon Lightning Spire   Summ/Air       1%         N/A       88%         4
 Storm Form               Tmut/Air       3%         N/A       100%        7
 Maxwell's Capacitive Co  Air            0%         ∞         100%        8


Dungeon Overview and Level Annotations

Branches:
Dungeon (3/15)

Altars:

Annotations:
D:3 Terence


Innate Abilities, Weirdness & Mutations

One of your tentacles has grown a beastly spike.
You cannot wear most types of armour.
You are amphibious.
You can wear up to eight rings at the same time.
Your skin changes colour to match your surroundings (Stealth+).
Your rubbery body absorbs attacks. (AC +1, EV +1)
((You are camouflaged when in or above water. (Stealth+)))
You have tentacles for arms and can constrict up to eight enemies at once.


Message History

Found a stone staircase leading up.
l - a scroll labelled WAAFFU UPIXAL You now have 110 gold pieces (gained 16).
You see here a +0 buckler.
m - a scroll labelled FUAJECLARGHE
Found 4 stones.
You see here 4 stones.
You see here 4 stones.
A worm and an orc come into view.
Casting: Beastly Appendage (safe; 5% risk of failure)
Confirm with . or Enter, or press ? or * to list all spells.
Your blood is infused with primal strength.
Casting: Wereblood (safe; 9% risk of failure)
Confirm with . or Enter, or press ? or * to list all spells.
One of your tentacles grows a vicious spike.
The orc shouts!
You hear a shout!
Terence the Incautious comes into view.
He is wielding a +0 morningstar.
Found a scroll labelled SAEROP YGUEG.
Terence closely misses you. The orc hits you with a +0 war axe!
You are too injured to fight recklessly!
You barely miss Terence. Your grab misses Terence.
Your tentacle spike misses Terence.
Terence hits you with a +0 morningstar!
* * * LOW HITPOINT WARNING * * *
You tentacle-slap Terence. Your grab misses Terence.
Terence is lightly wounded.
Your transformation is almost over.
Terence barely misses you.
You barely miss Terence. You grab Terence.
You pierce Terence.
Terence is moderately wounded.
You constrict Terence, but do no damage.
Terence misses you.
You tentacle-slap Terence.
Terence is moderately wounded.
You constrict Terence. Terence closely misses you.
You tentacle-slap Terence.
Your tentacle spike misses Terence.
Terence is heavily wounded.
You constrict Terence, but do no damage.
Terence hits you with a +0 morningstar!
Ouch! That really hurt!
You die...

#.....#
.#######...#
#...?.#
...........#
#.....#
########...#
#.....# ###.#
#.....# #.#
#.....### ##..
#.wo....# #... #@#
#.# #.## #@###.#
#...
#.....###########.
####..............
#.#############
#.#### #... #....#
######.# #....#
#......# #....#
#.###..#
#....###.###..#


You could see Terence, a worm and an orc.

Vanquished Creatures
  2 worms (D:2)
  A dart slug (D:1)
  5 endoplasms
  A giant cockroach (D:3)
  5 goblins
  A hobgoblin (D:1)
  3 jackals (D:2)
  4 quokkas
  3 ball pythons
  5 bats
  3 kobolds
  2 rats (D:2)
35 creatures vanquished.

Notes
Turn   | Place    | Note
-------+----------+-------------------------------------------
     0 | D:1      | jehirs the Octopode Transmuter began the quest for the Orb.
     0 | D:1      | Reached XP level 1. HP: 13/13 MP: 3/3
   248 | D:1      | Reached XP level 2. HP: 14/18 MP: 3/5
   251 | D:1      | Learned a level 2 spell: Wereblood
  1044 | D:2      | Reached XP level 3. HP: 23/23 MP: 2/6
  1281 | D:2      | Identified the +2 pair of boots "Yco Qug" {Int+2}
  1563 | D:2      | Found a faded altar of an unknown god.
  2142 | D:3      | Noticed Terence
  2150 | D:3      | Mangled by Terence

Illustrated notes

Levels and vault maps discovered:
D:1:      heliophobic_arrival_dark_side_of_the_moon, layout_loops_ring,
          nicolae_titane
D:2:      layout_basic, ebering_ecumenical_altar_abandoned,
          chequers_serial_rivers_small_b, corner_web_ring
D:3:      layout_basic, uniq_terence

Skill      XL: |  1  2  3 |
---------------+----------+-----
Transmutations | 3 |  3.1
Fighting       | |  1.0
Dodging        | |  2.0
Unarmed Combat | |  3.8
Spellcasting   | |  2.0

Action                   || total
-------------------------++-------
Melee: Unarmed           ||    74
       Constrict         ||    22
       Tentacles         ||    16
       Kick              ||    17
       Punch             ||     4
 Cast: Beastly Appendage ||    23
       Wereblood         ||    19
  Use: Scroll            ||     6
 Stab: Sleeping          ||     3
Armor: Skin              ||     2
Dodge: Dodged            ||    50

Table legend: (Time is in decaauts)
 A = Elapsed time spent in this place.
 B = Non-inter-level travel time spent in this place.
 C = Inter-level travel time spent in this place.
 D = Time resting spent in this place.
 E = Time spent auto-exploring this place.
 F = Levels seen in this place.
 G = Mean time per level.
                   A        B        C        D        E       F      G
               +--------+--------+--------+--------+--------+-----+--------+
         Total |   2144 |   2105 |     39 |      0 |   1797 |   3 |  714.7 |
       Dungeon |   2144 |   2105 |     39 |      0 |   1797 |   3 |  714.7 |
               +--------+--------+--------+--------+--------+-----+--------+

Top non-repeatable levels by time:
     D:1: 914 daAuts
     D:2: 867 daAuts
     D:3: 362 daAuts
